 Dungeon Crawl Stone Soup version 0.24-a0-189-g5d897e9 (webtiles) character file.

Game seed: 757424846916870237

1456 mortelune the Distorting Demonspawn (level 8, -2/62 HPs)
             Began as a Demonspawn Abyssal Knight on Mar 17, 2019.
             Was a Believer of Lugonu.
             Slain by a sky beast (4 damage)
             ... on level 7 of the Dungeon.
             The game lasted 00:21:35 (8079 turns).

mortelune the Distorting Demonspawn (DsAK)          Turns: 8079, Time: 00:21:36

Health: -2/62      AC:  9    Str: 12 (15) XL:     8   Next: 47%
Magic:  0/12       EV:  9    Int: 12 (13) God:    Lugonu [**....]
Gold:   208        SH:  4    Dex: 11 (13) Spells: 7/7 levels left

rFire    . . .     SeeInvis .   a - +0 war axe
rCold    . . .     Gourm    .   J - +0 buckler
rNeg     + . .     Faith    .   F - +0 chain mail
rPois    .         Spirit   +   (no helmet)
rElec    .         Reflect  .   (no cloak)
rCorr    +         Harm     .   (no gloves)
MR       .....                  (no boots)
Stlth    ..........             w - amulet of rage
HPRegen  0.20/turn              i - ring of resist corrosion
MPRegen  0.13/turn              y - ring of positive energy

@: berserk cooldown, starving
A: claws 1, repulsion field 2, magic shield
a: Depart the Abyss, Bend Space, Renounce Religion, Evoke Berserk Rage


You were on level 7 of the Dungeon.
You worshipped Lugonu.
Lugonu was pleased with you.
You were starving.

You visited 1 branch of the dungeon, and saw 7 of its levels.
You visited the Abyss 1 time.

You collected 208 gold pieces.

Inventory:

Hand Weapons
 a - a +0 war axe (weapon)
 b - a +0 hunting sling
 z - a +1 halberd of flaming
 C - a +1 hand axe
 G - a +1 flail of protection
Missiles
 p - 48 sling bullets
 r - 80 stones (quivered)
Armour
 g - a +0 chain mail
 k - a +0 ring mail
 o - a +0 leather armour
 E - a +0 scale mail
 F - a +0 chain mail (worn)
 J - a +0 buckler (worn)
Jewellery
 i - a ring of resist corrosion (left claw)
 w - an amulet of rage (around neck)
 y - a ring of positive energy (right claw)
Wands
 I - a wand of random effects (15)
 M - a wand of clouds (7)
Scrolls
 d - 2 scrolls of remove curse
 h - 3 scrolls of teleportation {unknown}
 j - a scroll of noise {unknown}
 m - 2 scrolls of fog {unknown}
 n - 2 scrolls of enchant armour {unknown}
 s - 3 scrolls of identify {unknown}
 t - 3 scrolls of immolation {unknown}
 x - a scroll of enchant weapon {unknown}
 B - 2 scrolls of amnesia {unknown}
 L - a scroll of random uselessness {unknown}
Potions
 e - a potion of degeneration
 f - 2 potions of might {unknown}
 l - a potion of berserk rage
 q - a potion of invisibility {unknown}
 u - a potion of cancellation
 v - a potion of magic {unknown}
 A - a potion of lignification {unknown}
 D - a potion of haste {unknown}
 H - 2 potions of curing {unknown}
 K - a potion of agility {unknown}
Comestibles
 c - 6 rations


   Skills:
 + Level 5.2 Fighting
 + Level 5.3 Axes
 + Level 4.3 Armour
 + Level 4.0 Dodging
 + Level 2.2 Shields
 + Level 5.5 Invocations


You had 7 spell levels left.
You didn't know any spells.
Your spell library contained the following spells:

 Spells                   Type           Power        Failure   Level  Hunger
 Animate Skeleton         Necr           N/A          100%        1    ##.....
 Pain                     Necr           #...         100%        1    ##.....
 Regeneration             Chrm/Necr      #.........   100%        3    ####...
 Vampiric Draining        Necr           #.........   100%        3    ####...
 Animate Dead             Necr           N/A          100%        4    #####..


Dungeon Overview and Level Annotations

Branches:
Dungeon (6/15)
 Temple: D:4-7

Altars:
Ashenzari
Cheibriados
Kikubaaqudgha
Qazlal
Sif Muna
The Shining One


Innate Abilities, Weirdness & Mutations

You have sharp fingernails.
You are surrounded by a moderate repulsion field. (EV +3)
When hurt, damage is shared between your health and your magic reserves.


Message History

You miss something.
Something hits you but does no damage. x2
You miss something. Something hits you. Something shocks you.
* * * LOW HITPOINT WARNING * * *
Something hits you.
* * * LOW HITPOINT WARNING * * *
Something shocks you.
* * * LOW HITPOINT WARNING * * *
You miss something. Something hits you but does no damage. Something hits you.
* * * LOW HITPOINT WARNING * * *
Something shocks you.
* * * LOW HITPOINT WARNING * * *
It was a potion of degeneration.
There was something very wrong with that liquid.
You feel weakened.
You feel dopey.
You feel clumsy.
You feel yourself speed up. Something hits you but does no damage.
It was a potion of cancellation.
You feel magically purged. Something hits you.
* * * LOW HITPOINT WARNING * * *
Something shocks you.
You die...

##.#.....#..#
#.######.#.#
#.#
#....######
#.#
#..###Ysh...#
#.# #..
#.####.# #.#
#..###.# #.#
.. # #...h#
#†# ####s#
#{# #Y# #@#
... #.# ...
#.# ..(.. #.#
..... ..#
.........#
.## .#


There were no monsters in sight!

Vanquished Creatures
  Edmund (D:4)
  Duvessa (D:5)
  A phantom (D:4)
  An ice beast (D:7)
  2 sky beasts
  Blork the orc (D:4)
  2 bullfrogs
  Dowan (D:4)
  A wyvern skeleton (D:7)
  A scorpion (D:7)
  2 hounds
  Ijyb (D:4)
  2 iguanas (D:4)
  2 orc wizards (D:4)
  4 worker ants
  7 gnolls
  5 adders
  2 oozes
  An adder zombie (D:5)
  An adder skeleton (D:5)
  5 worms
  3 dart slugs
  3 leopard geckos
  7 orcs
  5 bats
  4 giant cockroaches
  7 hobgoblins
  7 jackals
  3 quokkas
  3 ball pythons
  4 frilled lizards
  5 goblins
  6 kobolds
  A leopard gecko skeleton (D:5)
  4 rats
106 creatures vanquished.

Vanquished Creatures (others)
  An orc (D:4)
1 creature vanquished.

Grand Total: 107 creatures vanquished

Notes
Turn   | Place    | Note
-------+----------+-------------------------------------------
     0 | Abyss:1  | mortelune the Demonspawn Abyssal Knight began the quest for
                  | the Orb.
     0 | Abyss:1  | Reached XP level 1. HP: 18/18 MP: 2/2
    29 | Abyss:1  | Noticed an ancient zyme
    30 | D:1      | Escaped the Abyss
    84 | D:1      | Reached skill level 1 in Dodging
   187 | D:1      | Reached * piety under Lugonu
   310 | D:1      | Gained mutation: You are surrounded by a mild repulsion
                  | field. (EV +2) [demonic ancestry]
   310 | D:1      | Reached XP level 2. HP: 18/24 MP: 3/3
   889 | D:2      | Reached XP level 3. HP: 26/29 MP: 4/4
  1749 | D:2      | Found a deep blue altar of Sif Muna.
  2098 | D:2      | Gained mutation: You are surrounded by a moderate repulsion
                  | field. (EV +3) [demonic ancestry]
  2098 | D:2      | Reached XP level 4. HP: 16/35 MP: 5/5
  3365 | D:3      | Reached ** piety under Lugonu
  3456 | D:3      | Reached XP level 5. HP: 37/42 MP: 6/6
  3570 | D:3      | Found a glowing golden altar of the Shining One.
  3584 | D:3      | Found a snail-covered altar of Cheibriados.
  3587 | D:3      | Found a stormy altar of Qazlal.
  3588 | D:3      | Found a shattered altar of Ashenzari.
  4673 | D:4      | Found an ancient bone altar of Kikubaaqudgha.
  5014 | D:4      | HP: 2/63 [iguana (3)]
  5391 | D:4      | Gained mutation: When hurt, damage is shared between your
                  | health and your magic reserves. [demonic ancestry]
  5391 | D:4      | Reached XP level 6. HP: 48/48 MP: 8/8
  5922 | D:4      | Noticed Edmund
  5954 | D:4      | Killed Edmund
  6169 | D:4      | Noticed Blork the orc
  6200 | D:4      | Killed Blork the orc
  6200 | D:4      | Gained mutation: You have sharp fingernails. [demonic
                  | ancestry]
  6200 | D:4      | Reached XP level 7. HP: 55/55 MP: 5/9
  6501 | D:5      | Entered Level 5 of the Dungeon
  6784 | D:5      | Noticed Duvessa
  6784 | D:5      | Noticed Dowan
  6821 | D:5      | Noticed Ijyb
  6838 | D:4      | Killed Ijyb
  7143 | D:5      | Reached skill level 1 in Shields
  7693 | D:5      | Killed Duvessa
  7693 | D:5      | Reached skill level 5 in Axes
  7693 | D:5      | Reached XP level 8. HP: 51/61 MP: 9/11
  7702 | D:4      | Killed Dowan
  7871 | D:5      | You fall through a shaft for 2 floors!
  7884 | D:7      | Reached skill level 5 in Invocations
  7893 | D:7      | Reached skill level 5 in Fighting
  8076 | D:7      | HP: 3/62 [something (4)]
  8079 | D:7      | Slain by a sky beast

Levels and vault maps discovered:
D:1:      mrwooster_arrival_statue, layout_basic
D:2:      layout_rooms, lemuel_doored_altar, minmay_box_of_dots
D:3:      layout_basic, minitemple
D:4:      layout_rooms, kiku_gazebo_pond_becter, first_ration,
          lemuel_another_geyser, uniq_blork_the_orc, uniq_edmund
D:5:      layout_rooms, minmay_temple_entry_glassed_door, uniq_eustachio,
          uniq_ijyb, uniq_duvessa
D:6:      layout_rooms, ebering_ghost_reflecting_pool, minivault_23, uniq_pikel
D:7:      layout_loops_ring
Abyss:1

Skill      XL: |  1  2  3  4  5  6  7  8 |
---------------+-------------------------+-----
Dodging        | 1 2 3 4 |  4.0
Axes           | 2 3 4 5 |  5.3
Armour         | 2 3 4 |  4.3
Invocations    | 3 4 5 |  5.5
Fighting       | 4 5 |  5.2
Shields        | 1 2 |  2.2

Action                   |  1- 3 |  4- 6 |  7- 9 || total
-------------------------+-------+-------+-------++-------
Melee: Hand axe          |   119 |   115 |       ||   234
       War axe           |       |   125 |   216 ||   341
 Fire: Hunting sling     |    16 |     6 |    38 ||    60
Invok: Depart the Abyss  |     1 |       |       ||     1
       Bend Space        |       |     2 |       ||     2
 Abil: Evoke Berserk Rag |       |     4 |     3 ||     7
  Use: Scroll            |       |     1 |       ||     1
       Potion            |       |     1 |     2 ||     3
  Eat: Chunk             |     3 |    13 |     5 ||    21
       Ration            |       |     1 |     1 ||     2
Armor: Leather armour    |    10 |       |       ||    10
       Ring mail         |    28 |    22 |       ||    50
       Scale mail        |       |    38 |       ||    38
       Chain mail        |       |    12 |   122 ||   134
Dodge: Dodged            |    82 |   183 |    99 ||   364
Block: Buckler           |       |       |    31 ||    31

Table legend:
 A = Non-vault XP
 B = Vault XP
 C = Vault XP percentage of total XP
 D = Non-vault monster count
 E = Vault monster count
 F = Vault count percentage of total count
                 A         B        C        D         E       F
            +---------+---------+-------+---------+---------+-------
      Total |    1560 |     520 |  25.0 |     100 |       6 |   5.7
            +---------+---------+-------+---------+---------+-------
        D:1 |      24 |       0 |   0.0 |      12 |       0 |   0.0
        D:2 |     118 |       1 |   0.8 |      27 |       1 |   3.6
        D:3 |     114 |       0 |   0.0 |      21 |       0 |   0.0
        D:4 |     489 |     381 |  43.8 |      19 |       4 |  17.4
        D:5 |     299 |     138 |  31.6 |      13 |       1 |   7.1
        D:7 |     516 |       0 |   0.0 |       8 |       0 |   0.0
            +---------+---------+-------+---------+---------+-------
